 Dungeon Crawl Stone Soup version 0.19-a0-994-g3c636f0 (webtiles) character file.

877 Charly the Cleaver (level 7, -1/57 HPs)
             Began as a Minotaur Monk on July 15, 2016.
             Was an Initiate of Gozag.
             Slain by a killer bee (6 damage)
             ... on level 7 of the Dungeon.
             The game lasted 00:22:21 (1443 turns).

Charly the Cleaver (Minotaur Monk)                  Turns: 1443, Time: 00:22:22

Health: -1/57      AC:  3    Str: 16    XL:     7   Next: 75%
Magic:  6/6        EV: 13    Int:  7    God:    Gozag
Gold:   176        SH: 15    Dex: 16    Spells: 0 memorised, 6 levels left

rFire  + . .     SeeInvis .     a - +3 war axe
rCold  + . .     Gourm    .     b - +0 robe
rNeg   . . .     Faith    .     k - +0 large shield
rPois  +         Spirit   .     (helmet restricted)
rElec  +         Dismiss  .     (no cloak)
rCorr  +         Reflect  +     l - +0 pair of gloves (curse)
SustAt .         Harm     .     (no boots)
MR     .....                    j - +4 amulet of reflection
Stlth  +++.......               (no ring)
                                t - -3 ring of dexterity (curse)

@: agile, resistant, very slightly contaminated, hasted, drained, very quick,
not resistant to hostile enchantments, fairly stealthy
A: retaliatory headbutt, horns 2
a: Potion Petition, Call Merchant, Bribe Branch, Renounce Religion


You were on level 7 of the Dungeon.
You worshipped Gozag.
Gozag was aware of your devotion.
You were not hungry.

You visited 2 branches of the dungeon, and saw 8 of its levels.

You collected 212 gold pieces.
You spent 36 gold pieces at shops.

Inventory:

Hand Weapons
 a - a +3 war axe (weapon)
Missiles
 e - 21 poisoned needles
 m - 6 curare-tipped needles
Armour
 b - a +0 robe (worn)
 k - a +0 large shield (worn)
 l - a cursed +0 pair of gloves (worn)
Jewellery
 j - a +4 amulet of reflection (around neck)
 t - a cursed -3 ring of dexterity (left hand)
Wands
 q - a wand of iceblast (8/15)
Scrolls
 d - a scroll of immolation {unknown}
 f - a scroll of blinking {unknown}
 g - 3 scrolls of remove curse {unknown}
 i - 2 scrolls of teleportation
 o - a scroll of enchant weapon {unknown}
Potions
 s - a potion of curing {unknown}
Comestibles
 c - 2 bread rations


   Skills:
 - Level 3.6(3.2) Fighting
 + Level 11.0(10.5) Axes
 - Level 3.2(2.8) Dodging
 - Level 1.5(1.1) Stealth


You had 6 spell levels left.
You didn't know any spells.

Dungeon Overview and Level Annotations

Branches:
Dungeon (7/15)             Temple (1/1) D:6

Altars:
Cheibriados
Dithmenos
Elyvilon
Fedhas
Gozag
Hepliaklqana
Kikubaaqudgha
Nemelex Xobeh
Pakellas
Qazlal
Ru
Trog
Vehumet
Yredelemnul
Zin

Shops:
D:5 ?

Annotations:
D:3 Natasha
D:6 Drakanon's ghost, novice DDNe
D:7 Pikel


Innate Abilities, Weirdness & Mutations

You reflexively headbutt those who attack you in melee.
You have a pair of horns on your head.


Message History

Unknown command.
You closely miss the killer bee. Your headbutt misses the killer bee.
The killer bee is moderately wounded.
You hit Pikel.
Your shield prevents you from hitting the iguana.
You hit the slave but do no damage. You slash the killer bee!
You hit the killer bee. You hit the slave.
You block the killer bee's attack. x2
The slave closely misses you. You furiously retaliate!
You headbutt the slave, but do no damage.
You block the killer bee's attack. The iguana barely misses you.
Pikel barely misses you. You furiously retaliate!
You headbutt Pikel.
Unknown command.
Unknown command.
You closely miss the killer bee. You headbutt the killer bee!
The killer bee is severely wounded.
You hit the slave. You barely miss the killer bee. You miss the killer bee.
You hit the slave. You hit the iguana. You hit Pikel.
The killer bee stings you.
You die...
Your body crumbles into a pile of gold.

...O..............#...##...##
..................#...##...##
..O...............#...#....#.
........z.........#...#....#.
.O......p.........#...#....'.
.####..###.....###..###...##
####..###zy...########...##
#........Kyp...............
#.......pl@y...........[...
#.........py..)............
#.........<................
#..................%?......
#.................[########
##########+#########


You could see Pikel, 3 slaves, an iguana, 4 killer bees and a wight.

Vanquished Creatures
  Sigmund (D:5)
  A sky beast (D:6)
  An ogre (D:7)
  2 giant frogs (D:7)
  3 wights
  4 howler monkeys
  A jelly (D:6)
  An orc wizard (D:5)
  A worker ant (D:6)
  4 adders
  An adder skeleton (D:4)
  A giant gecko (D:1)
  An orc (D:6)
  A ball python (D:5)
  A bat (D:2)
  A goblin (D:1)
  A hobgoblin (D:4)
  2 kobolds (D:2)
  A quokka skeleton (D:4)
  2 rats (D:1)
31 creatures vanquished.

Notes
Turn   | Place    | Note
-------+----------+-------------------------------------------
     0 | D:1      | Charly the Minotaur Monk began the quest for the Orb.
     0 | D:1      | Reached XP level 1. HP: 19/19 MP: 0/0
    29 | D:1      | Reached skill level 4 in Axes
   109 | D:3      | Noticed Natasha
   218 | D:5      | Entered Level 5 of the Dungeon
   218 | D:5      | Found a radiant altar of Vehumet.
   218 | D:5      | Noticed an ogre
   254 | D:4      | Reached XP level 2. HP: 23/26 MP: 1/1
   268 | D:4      | Found a white marble altar of Elyvilon.
   387 | D:2      | Found a blossoming altar of Fedhas.
   512 | D:5      | Found Wuddis's Magic Scroll Emporium.
   516 | D:5      | Bought a scroll of teleportation for 36 gold pieces
   659 | D:5      | Found a sacrificial altar of Ru.
   667 | D:5      | Reached skill level 5 in Axes
   667 | D:5      | Reached XP level 3. HP: 20/31 MP: 2/2
   692 | D:5      | Reached skill level 6 in Axes
   692 | D:5      | Reached XP level 4. HP: 19/39 MP: 3/3
   711 | D:5      | Noticed Sigmund
   773 | D:6      | Found a staircase to the Ecumenical Temple.
   779 | D:6      | Found a white marble altar of Elyvilon.
   781 | Temple   | Entered the Ecumenical Temple
   813 | Temple   | Became a worshipper of Gozag Ym Sagoz the Greedy
   865 | D:6      | Reached skill level 7 in Axes
   865 | D:6      | Reached XP level 5. HP: 12/45 MP: 4/4
   892 | D:6      | Found a hazy altar of Hepliaklqana.
   924 | D:6      | Noticed a sky beast
  1026 | D:6      | HP: 2/45 [adder (3)]
  1117 | D:6      | Killed a sky beast
  1117 | D:6      | Reached skill level 8 in Axes
  1117 | D:6      | Reached XP level 6. HP: 34/51 MP: 5/5
  1143 | D:6      | Noticed Drakanon's ghost (novice DDNe)
  1158 | D:6      | Noticed a sky beast
  1163 | D:6      | Noticed an orc warrior
  1218 | D:5      | Killed Sigmund
  1218 | D:5      | Reached skill level 9 in Axes
  1263 | D:7      | Reached XP level 7. HP: 39/57 MP: 6/6
  1303 | D:7      | Reached skill level 10 in Axes
  1314 | D:7      | Found a bloodstained altar of Trog.
  1368 | D:7      | Reached skill level 11 in Axes
  1400 | D:7      | HP: 2/57 [slave[Pikel] (7)]
  1428 | D:7      | Noticed Pikel
  1443 | D:7      | Slain by a killer bee

Vault maps used:
D:1:      minmay_arrival_plants_in_alcoves
D:2:      tgw_fedhas
D:3:      lemuel_round_altar, kennysheep_generic_room_13, uniq_iyjb,
          uniq_natasha
D:4:      kennysheep_little_box, nicolae_tso_besieged_by_evil,
          old_standard_altar, first_bread, grunt_decor_mini_mirrors
D:5:      nicolae_ru_great_annihilating_truth, basic_altar, serial_shops,
          nicolae_shop_stone, uniq_sigmund, uniq_eustachio
D:6:      kennysheep_mini_moat, lemuel_round_altar, basic_altar, st_stairs_6,
          hangedman_abyss_or_decor_passed
D:7:      vehumet_crystals, old_standard_altar, basic_altar, uniq_duvessa,
          uniq_pikel
Temple:   jpeg_temple_island

Skill      XL: |  1  2  3  4  5  6  7 |
---------------+----------------------+-----
Axes           | 4 5 6 7 8 9 11 | 11.0
Fighting       | |  3.6
Dodging        | |  3.2
Stealth        | |  1.5

Action                   |  1- 3 |  4- 6 |  7- 9 || total
-------------------------+-------+-------+-------++-------
Melee: Hand axe          |    23 |       |       ||    23
       Headbutt          |     7 |     4 |     7 ||    18
       War axe           |    22 |    44 |    38 ||   104
Invok: Potion Petition   |       |     1 |       ||     1
  Use: Scroll            |       |     1 |       ||     1
       Potion            |       |       |     4 ||     4
 Stab: Sleeping          |     1 |       |     1 ||     2
  Eat: Pizza             |     1 |       |     1 ||     2
Armor: Robe              |     8 |     4 |     4 ||    16
Dodge: Dodged            |    30 |    22 |    17 ||    69
Block: Other             |     4 |     3 |       ||     7
       Large shield      |       |     2 |    39 ||    41
